MLB
NEW YORK METS @ SAN DIEGO PADRES
08/07/2098
 
TOP OF THE 1ST
New York Mets batting - Pitching for San Diego Padres : RHP Jose Benitez
Pitching: RHP Jose Benitez
Batting: RHB Jose de la Rosa 0-0: Called Strike
0-1: Ball
1-1: Ball
2-1: Called Strike
2-2: Strikes out swinging
Batting: RHB Marty Krpan 0-0: Called Strike
0-1: Ball
1-1: Called Strike
1-2: Ground out 6-3 (Groundball, 56, EV 84.4 MPH)
Batting: RHB Jeff Hestermann 0-0: Foul Ball, location: 9LSF
0-1: Ball
1-1: Called Strike
1-2: Ball
2-2: Ground out 6-3 (Groundball, 6, EV 106.3 MPH)
Top of the 1st over - 0 runs, 0 hits, 0 errors, 0 left on base; New York 0 - San Diego 0
BOTTOM OF THE 1ST
San Diego Padres batting - Pitching for New York Mets : RHP Luis Manzano
Pitching: RHP Luis Manzano
Batting: LHB Eric Schoonover 0-0: Ground out 6-3 (Groundball, 56D, EV 98.1 MPH)
Batting: RHB Maxwell Judson 0-0: Foul Ball, location: 2F
0-1: Swinging Strike
0-2: Ball
1-2: Ground out 6-3 (Groundball, 6, EV 105.6 MPH)
Batting: RHB Jose Barillas 0-0: Ball
1-0: Foul Ball, location: 2F
1-1: Ball
2-1: Ground out 3-1 (Groundball, 3L, EV 110.0 MPH)
Bottom of the 1st over - 0 runs, 0 hits, 0 errors, 0 left on base; New York 0 - San Diego 0
TOP OF THE 2ND
New York Mets batting - Pitching for San Diego Padres : RHP Jose Benitez
Batting: LHB Omar Gomez 0-0: Ball
1-0: Foul Ball, location: 2F
1-1: DOUBLE (Groundball, 3L, EV 103.1 MPH)
Batting: SHB Curt Tolley 0-0: Called Strike
0-1: Ball
1-1: Swinging Strike
1-2: Fly out, F5 (Popup, 56S, EV 79.4 MPH)
Batting: LHB Mike Thompson 0-0: Ball
1-0: Foul Ball, location: 2F
1-1: Fly out, F9 (Line Drive, 89M, EV 100.0 MPH)
Batting: RHB Chris Sims 0-0: Called Strike
0-1: Fly out, F7 (Line Drive, 7S, EV 86.3 MPH)
Top of the 2nd over - 0 runs, 1 hit, 0 errors, 1 left on base; New York 0 - San Diego 0
BOTTOM OF THE 2ND
San Diego Padres batting - Pitching for New York Mets : RHP Luis Manzano
Batting: RHB Tony Woody 0-0: Foul Ball, location: 2F
0-1: Foul Ball, location: 25FF
0-2: Ball
1-2: Ball
2-2: Reached on error, E6 (Groundball, 6, EV 87.5 MPH)
Batting: RHB Chris Santos 0-0: Foul Ball, location: 2F
0-1: Foul Ball, location: 2F
0-2: Ball
1-2: Ball
2-2: Strikes out swinging
Batting: RHB Anibal Araldes 0-0: Fly out, F3 (Popup, 3F, EV 68.8 MPH)
Batting: LHB Jamie Wortman 0-0: Foul Ball, location: 3F
0-1: Ball
1-1: Ball
2-1: 2-RUN HOME RUN (Flyball, 9D, EV 100.0 MPH), Distance : 390 ft
Batting: LHB R.J. Correll 0-0: Ball
1-0: Ball
2-0: Swinging Strike
2-1: Foul Ball, location: 3F
2-2: Strikes out looking
Bottom of the 2nd over - 2 runs, 1 hit, 1 error, 0 left on base; New York 0 - San Diego 2
TOP OF THE 3RD
New York Mets batting - Pitching for San Diego Padres : RHP Jose Benitez
Batting: RHB Nate Morrison 0-0: Called Strike
0-1: Called Strike
0-2: Ground out 4-3 (Groundball, 4, EV 86.9 MPH)
Batting: RHB Cesar Oropeza 0-0: Ball
1-0: Called Strike
1-1: Ball
2-1: Fly out, F7 (Line Drive, 78D, EV 93.1 MPH)
Pitching: RHP Ben Memon
Batting: RHB Jose de la Rosa 0-0: Ball
1-0: Called Strike
1-1: Foul Ball, location: 9LDF
1-2: Ball
2-2: Foul Ball, location: 5F
2-2: Ball
3-2: SINGLE (Line Drive, 7S, EV 90.6 MPH)
Batting: RHB Marty Krpan 0-0: Ball
1-0: Called Strike
Jose de la Rosa steals 2nd base
1-1: Called Strike
1-2: Ball
2-2: Strikes out swinging
Top of the 3rd over - 0 runs, 1 hit, 0 errors, 1 left on base; New York 0 - San Diego 2
BOTTOM OF THE 3RD
San Diego Padres batting - Pitching for New York Mets : RHP Luis Manzano
Batting: RHB Alfredo Beltran 0-0: Called Strike
0-1: SINGLE (Groundball, 56D, EV 106.9 MPH)
Batting: LHB Eric Schoonover 0-0: Ball
1-0: Swinging Strike
1-1: Ground out U3 (Groundball, 3, EV 90.0 MPH)
Alfredo Beltran to second
Batting: RHB Maxwell Judson 0-0: Called Strike
0-1: Called Strike
0-2: Ground out 5-3 (Groundball, 5L, EV 80.6 MPH)
Batting: RHB Jose Barillas 0-0: Swinging Strike
0-1: Foul Ball, location: 25F
0-2: Ball
1-2: Ball
2-2: Foul Ball, location: 5F
2-2: Strikes out swinging
Bottom of the 3rd over - 0 runs, 1 hit, 0 errors, 1 left on base; New York 0 - San Diego 2
TOP OF THE 4TH
New York Mets batting - Pitching for San Diego Padres : RHP Ben Memon
Batting: RHB Jeff Hestermann 0-0: Ball
1-0: Ground out 4-3 (Groundball, 4, EV 108.8 MPH)
Batting: LHB Omar Gomez 0-0: Called Strike
0-1: Ball
1-1: Swinging Strike
1-2: Strikes out swinging
Batting: SHB Curt Tolley 0-0: Ball
1-0: Called Strike
1-1: Ball
2-1: Foul Ball, location: 23FF
2-2: Ball
3-2: Fly out, F8 (Flyball, 8LD, EV 110.0 MPH)
Top of the 4th over - 0 runs, 0 hits, 0 errors, 0 left on base; New York 0 - San Diego 2
BOTTOM OF THE 4TH
San Diego Padres batting - Pitching for New York Mets : RHP Luis Manzano
Batting: RHB Tony Woody 0-0: Ball
1-0: Ball
2-0: Ball
3-0: DOUBLE (Groundball, 5L, EV 106.3 MPH)
Batting: RHB Chris Santos 0-0: Ball
1-0: Ball
2-0: Ball
3-0: Base on Balls
Batting: RHB Anibal Araldes 0-0: Called Strike
0-1: Ball
1-1: Ball
2-1: Foul Ball, location: 9LSF
2-2: Foul Ball, location: 5FF
2-2: Foul Ball, location: 2F
2-2: Foul Ball, location: 23F
2-2: Foul Ball, location: 5DF
2-2: Ball
3-2: Base on Balls
Tony Woody to third
Chris Santos to second
Batting: LHB Jamie Wortman 0-0: Called Strike
0-1: Ball
1-1: Foul Ball, location: 5F
1-2: Strikes out swinging
Batting: LHB R.J. Correll 0-0: Foul Ball, location: 9LSF
0-1: Fly out, F9 (Flyball, 89D, EV 93.1 MPH)
Runner from 3rd tags up, SCORES, throw by RF
Chris Santos to third
Batting: RHB Alfredo Beltran 0-0: Ball
1-0: Foul Ball, location: 2F
1-1: Ball
2-1: Ball
3-1: Called Strike
3-2: Foul Ball, location: 2F
3-2: Fly out, F4 (Popup, 4, EV 60.0 MPH)
Bottom of the 4th over - 1 run, 1 hit, 0 errors, 2 left on base; New York 0 - San Diego 3
TOP OF THE 5TH
New York Mets batting - Pitching for San Diego Padres : RHP Ben Memon
Batting: LHB Mike Thompson 0-0: Ground out 4-3 (Groundball, 4, EV 84.4 MPH)
Batting: RHB Chris Sims 0-0: Ball
1-0: Foul Ball, location: 25F
1-1: Ball
2-1: Called Strike
2-2: Foul Ball, location: 2F
2-2: Ground out 4-3 (Groundball, 4, EV 101.9 MPH)
Batting: RHB Nate Morrison 0-0: Fly out, F8 (Flyball, 78S, EV 88.8 MPH)
Top of the 5th over - 0 runs, 0 hits, 0 errors, 0 left on base; New York 0 - San Diego 3
BOTTOM OF THE 5TH
San Diego Padres batting - Pitching for New York Mets : RHP Luis Manzano
Batting: LHB Eric Schoonover 0-0: Ball
1-0: Called Strike
1-1: Swinging Strike
1-2: Ball
2-2: Ground out 1-3 (Groundball, 15S, EV 66.3 MPH)
Pitching: RHP Steve Rogers
Batting: RHB Maxwell Judson 0-0: Fly out, F8 (Flyball, 8RD, EV 103.8 MPH)
Batting: RHB Jose Barillas 0-0: Called Strike
0-1: Ball
1-1: Foul Ball, location: 7LDF
1-2: Ball
2-2: Fly out, F9 (Flyball, 9LM, EV 93.1 MPH)
Bottom of the 5th over - 0 runs, 0 hits, 0 errors, 0 left on base; New York 0 - San Diego 3
TOP OF THE 6TH
New York Mets batting - Pitching for San Diego Padres : RHP Ben Memon
Batting: RHB Cesar Oropeza 0-0: Ball
1-0: Swinging Strike
1-1: Ball
2-1: Swinging Strike
2-2: Fly out, F8 (Flyball, 8RM, EV 92.5 MPH)
Pitching: RHP George Hulings
Batting: RHB Jose de la Rosa 0-0: Called Strike
0-1: Ball
1-1: Swinging Strike
1-2: Strikes out looking
Batting: RHB Marty Krpan 0-0: Called Strike
0-1: Ball
1-1: Swinging Strike
1-2: Ground out 3-1 (Groundball, 34, EV 101.9 MPH)
Top of the 6th over - 0 runs, 0 hits, 0 errors, 0 left on base; New York 0 - San Diego 3
BOTTOM OF THE 6TH
San Diego Padres batting - Pitching for New York Mets : RHP Steve Rogers
Batting: RHB Tony Woody 0-0: Ground out 4-3 (Groundball, 4, EV 101.9 MPH)
Batting: RHB Chris Santos 0-0: Ball
1-0: Called Strike
1-1: Ball
2-1: Foul Ball, location: 2RF
2-2: SINGLE (Groundball, 6MD, EV 107.5 MPH)
Batting: RHB Anibal Araldes 0-0: Ball
1-0: SINGLE (Line Drive, 7S, EV 97.5 MPH)
Chris Santos to second
Batting: LHB Jamie Wortman 0-0: Fly out, F6 (Line Drive, 6, EV 61.9 MPH)
Lined into DP, 6-4 (Line Drive, 6, EV 61.9 MPH)
Bottom of the 6th over - 0 runs, 2 hits, 0 errors, 1 left on base; New York 0 - San Diego 3
TOP OF THE 7TH
New York Mets batting - Pitching for San Diego Padres : RHP George Hulings
Pitching: RHP Dan Ketterer
Batting: RHB Jeff Hestermann 0-0: Ball
1-0: Foul Ball, location: 9LDF
1-1: Fly out, F3 (Popup, 3F, EV 66.3 MPH)
Batting: LHB Omar Gomez 0-0: Called Strike
0-1: Ball
1-1: SINGLE (Groundball, 6MD, EV 105.6 MPH)
Batting: SHB Curt Tolley 0-0: Called Strike
0-1: 2-RUN HOME RUN (Flyball, 89XD, EV 105.0 MPH), Distance : 410 ft
Batting: LHB Mike Thompson 0-0: SOLO HOME RUN (Flyball, 78XD, EV 103.8 MPH), Distance : 389 ft
Batting: RHB Chris Sims 0-0: Swinging Strike
0-1: Ball
1-1: Fly out, F6 (Popup, 6M, EV 57.5 MPH)
Batting: RHB Nate Morrison 0-0: Foul Ball, location: 2F
0-1: Ball
1-1: Ground out 6-3 (Groundball, 6M, EV 96.3 MPH)
Top of the 7th over - 3 runs, 3 hits, 0 errors, 0 left on base; New York 3 - San Diego 3
BOTTOM OF THE 7TH
San Diego Padres batting - Pitching for New York Mets : RHP Steve Rogers
Batting: LHB R.J. Correll 0-0: Called Strike
0-1: Called Strike
0-2: Ball
1-2: Foul Ball, location: 2F
1-2: Ball
2-2: Ball
3-2: Fly out, F8 (Flyball, 8LD, EV 106.9 MPH)
Batting: RHB Alfredo Beltran 0-0: Ball
1-0: Ball
2-0: Ball
3-0: Called Strike
3-1: Fly out, F8 (Flyball, 8RM, EV 89.4 MPH)
Batting: LHB Eric Schoonover 0-0: Called Strike
0-1: Swinging Strike
0-2: Ball
1-2: SINGLE (Groundball, 6MD, EV 103.8 MPH)
Batting: RHB Maxwell Judson 0-0: Ball
1-0: Foul Ball, location: 23F
1-1: SINGLE (Groundball, 6MD, EV 85.6 MPH) (infield hit)
Eric Schoonover to second
Batting: RHB Jose Barillas 0-0: SINGLE (Line Drive, 6MD, EV 95.0 MPH)
Eric Schoonover to third
Maxwell Judson to second
Runner from 3rd tries for Home, SAFE, throw by CF to home
Batting: RHB Tony Woody 0-0: SINGLE (Line Drive, 9LS, EV 100.0 MPH)
Maxwell Judson to third
Jose Barillas to second
Runner from 3rd tries for Home, SAFE, throw by RF to home
Pitching: RHP Danny Irizarry
Batting: RHB Chris Santos 0-0: Ball
1-0: Called Strike
1-1: Ball
2-1: Ball
3-1: Called Strike
3-2: Strikes out looking
Bottom of the 7th over - 2 runs, 4 hits, 0 errors, 2 left on base; New York 3 - San Diego 5
TOP OF THE 8TH
New York Mets batting - Pitching for San Diego Padres : RHP Dan Ketterer
Pinch Hitting: LHB David Thomas 0-0: Ball
1-0: Foul Ball, location: 5FF
1-1: Ball
2-1: Ball
3-1: Ground out U3 (Groundball, 34, EV 104.4 MPH)
Batting: RHB Jose de la Rosa 0-0: Foul Ball, location: 5FF
0-1: SINGLE (Line Drive, 8LS, EV 108.8 MPH)
Pitching: LHP Juan Robles
Batting: RHB Marty Krpan 0-0: Ball
1-0: Called Strike
1-1: Ball
2-1: DOUBLE (Line Drive, 7LS, EV 103.8 MPH)
Jose de la Rosa to third
Runner from 3rd tries for Home, SAFE, no throw by LF
Batting: RHB Jeff Hestermann 0-0: Ball
1-0: Called Strike
1-1: Ball
2-1: Ball
3-1: Called Strike
3-2: Foul Ball, location: 2F
3-2: Base on Balls
Batting: RHB Erik Bazan 0-0: Called Strike
0-1: Foul Ball, location: 2F
0-2: Strikes out swinging
Batting: SHB Curt Tolley 0-0: Ball
1-0: Foul Ball, location: 2F
1-1: Foul Ball, location: 2F
1-2: Ball
2-2: Foul Ball, location: 2F
2-2: Ball
3-2: Base on Balls
Marty Krpan to third
Jeff Hestermann to second
Pinch Hitting: RHB Daniel Tellado 0-0: Ball
1-0: Swinging Strike
1-1: Called Strike
1-2: Ball
2-2: Strikes out swinging
Top of the 8th over - 1 run, 2 hits, 0 errors, 3 left on base; New York 4 - San Diego 5
BOTTOM OF THE 8TH
San Diego Padres batting - Pitching for New York Mets : RHP Danny Irizarry
Now at SS: Nate Westendorf
Now in RF: David Thomas
Batting: RHB Anibal Araldes 0-0: Ball
1-0: Ball
2-0: Ball
3-0: Base on Balls
Batting: LHB Jamie Wortman 0-0: Called Strike
0-1: Ball
1-1: Called Strike
1-2: Fly out, F8 (Flyball, 78M, EV 96.3 MPH)
Batting: LHB R.J. Correll 0-0: Hit by Pitch
Anibal Araldes to second
Batting: RHB Alfredo Beltran 0-0: Ball
1-0: Called Strike
1-1: Foul Ball, location: 2F
1-2: Ball
2-2: Ground out 5-3 (Groundball, 56, EV 105.0 MPH)
Anibal Araldes to third
R.J. Correll to second
Batting: LHB Eric Schoonover 0-0: Called Strike
0-1: Ball
1-1: SINGLE (Line Drive, 4D, EV 102.5 MPH)
Anibal Araldes scores
R.J. Correll to third
Runner from 3rd tries for Home, SAFE, throw by CF to home
Pitching: RHP Tony Tafaya
Batting: RHB Maxwell Judson 0-0: Ball
1-0: Ball
2-0: Foul Ball, location: 25F
2-1: Foul Ball, location: 23F
2-2: Foul Ball, location: 9LSF
2-2: Foul Ball, location: 9LMF
2-2: Ball
3-2: Foul Ball, location: 3SF
3-2: Fly out, F7 (Line Drive, 78M, EV 95.0 MPH)
Bottom of the 8th over - 2 runs, 1 hit, 0 errors, 1 left on base; New York 4 - San Diego 7
TOP OF THE 9TH
New York Mets batting - Pitching for San Diego Padres : LHP Juan Robles
Pitching: RHP John Elliott
Batting: RHB Chris Sims 0-0: SINGLE (Groundball, 34D, EV 95.6 MPH)
Batting: RHB Nate Morrison 0-0: Ball
1-0: Fly out, F9 (Flyball, 9, EV 97.5 MPH)
Batting: LHB David Thomas 0-0: Called Strike
0-1: Ball
1-1: Foul Ball, location: 2F
1-2: Foul Ball, location: 2F
1-2: Strikes out swinging
Batting: RHB Jose de la Rosa 0-0: Foul Ball, location: 2RF
0-1: Ground out 4-3 (Groundball, 34, EV 109.4 MPH)
Top of the 9th over - 0 runs, 1 hit, 0 errors, 1 left on base; New York 4 - San Diego 7
Thursday, April 11th , 2024 - OOTP Baseball 24.11 Build 85